 Dungeon Crawl Stone Soup version 0.18-a0-884-gb6cfd45 (webtiles) character file.

38 Jmtri7 the Skirmisher (level 3, -2/39 HPs)
             Began as an Ogre Skald on Dec 23, 2015.
             Slain by a gnoll
             ... wielding a +0 flail
              (7 damage)
             ... on level 4 of the Dungeon.
             The game lasted 00:07:04 (1087 turns).

Jmtri7 the Skirmisher (Ogre Skald)                  Turns: 1087, Time: 00:07:04

Health: -2/39      AC:  3    Str: 18    XL:     3   Next: 43%
Magic:  2/6        EV:  9    Int: 11    God:
Gold:   84         SH:  0    Dex:  9    Spells: 3 memorised, 1 level left

rFire  . . .     SeeInvis .     a - +0 mace
rCold  . . .     Gourm    .     l - +0 robe
rNeg   . . .     Faith    .     (no shield)
rPois  .         Spirit   .     (helmet restricted)
rElec  .         Dismiss  .     (no cloak)
rCorr  .         Reflect  .     (gloves unavailable)
SustAt .         Harm     .     (boots unavailable)
MR     .....                    (no amulet)
Stlth  +.........               (no ring)
                                (no ring)

@: infused, not resistant to hostile enchantments, very unstealthy
A: unfitting armour, tough skin 1
a: no special abilities


You were on level 4 of the Dungeon.
You were not hungry.

You visited 1 branch of the dungeon, and saw 5 of its levels.

You collected 84 gold pieces.

Inventory:

Hand Weapons
 a - a +0 mace (weapon)
 h - a +2 hand axe of venom
 j - a +0 blowgun
Missiles
 k - 13 poisoned needles
Armour
 l - a +0 robe (worn)
Scrolls
 b - a scroll of fog {unknown}
 e - a scroll of amnesia {unknown}
 g - a scroll of enchant weapon {unknown}
 i - a scroll of remove curse {unknown}
 m - a scroll of identify {unknown}
 o - a scroll of noise {unknown}
Potions
 f - 2 potions of curing
Books
 c - a book of Battle

   Spells                             Type                      Level
   a - Infusion                       Charms                       1
   b - Shroud of Golubria             Charms/Translocation         2
   c - Song of Slaying                Charms                       2
   d - Spectral Weapon                Hexes/Charms                 3
   e - Regeneration                   Charms/Necromancy            3
Comestibles
 d - 2 fruits
 n - a beef jerky


   Skills:
 * Level 3.7 Fighting
 * Level 3.5 Maces & Flails
 - Level 1.3 Dodging
 + Level 2.6 Spellcasting
 + Level 2.4 Charms


You had one spell level left.
You knew the following spells:

 Your Spells              Type           Power        Failure   Level  Hunger
a - Infusion              Chrm           #.....       12%         1    ##.....
b - Regeneration          Chrm/Necr      #.........   61%         3    ####...
c - Song of Slaying       Chrm           #.......     17%         2    ###....


Dungeon Overview and Level Annotations

Branches:
Dungeon (5/15)
 Temple: D:4-7

Altars:
Elyvilon

Annotations:
D:5 Sigmund


Innate Abilities, Weirdness & Mutations

You are too large for most types of armour.
You have tough skin (AC +1).


Message History

There is a stone staircase leading up here.
The gnoll hits you with a flail! The gnoll hits you but does no damage.
You climb upwards.
There is a stone staircase leading down here.
Casting: Infusion
Confirm with . or Enter, or press ? or * to list all spells.
You begin infusing your attacks with magical energy.
The gnoll hits you.
You barely miss the gnoll. The gnoll hits you with a flail. The gnoll hits you.
You hit the gnoll.
The gnoll is moderately wounded.
The gnoll hits you with a flail! The gnoll hits you!
* * * LOW HITPOINT WARNING * * *
You hit the gnoll!
The gnoll is almost dead.
The gnoll closely misses you. x2
You sock the gnoll!
You kill the gnoll!
The gnoll hits you with a flail!
You die...

######## ## #......# ..
#.####.# #. #.# #.# .##.
#.# #.#
#.########.##.###.# #.#
#.....g@†#.##.<...# #.#
########.#.######## #.#
................# #.#
###.#.#.#.#.#.#.# #.#
................# #.#
.##...⌠.....⌠...## #.#
........._.......#####.#
......⌠.....†..........#
###.............########


You could see a gnoll.

Vanquished Creatures
  A gnoll (D:4)
  An ooze (D:1)
  3 goblins (D:1)
  4 hobgoblins
  4 kobolds
  A quokka (D:4)
  A bat (D:1)
  2 giant geckos
  3 giant newts (D:1)
  3 rats (D:1)
23 creatures vanquished.

Notes
Turn   | Place    | Note
--------------------------------------------------------------
     0 | D:1      | Jmtri7 the Ogre Skald began the quest for the Orb.
     0 | D:1      | Reached XP level 1. HP: 22/22 MP: 3/3
    95 | D:1      | Reached skill level 3 in Fighting
   123 | D:1      | Reached XP level 2. HP: 22/31 MP: 1/5
   883 | D:3      | Reached XP level 3. HP: 37/37 MP: 3/6
   997 | D:4      | Learned a level 3 spell: Regeneration
  1000 | D:4      | Learned a level 2 spell: Song of Slaying
  1025 | D:4      | Found a white marble altar of Elyvilon.
  1080 | D:5      | Entered Level 5 of the Dungeon
  1080 | D:5      | Noticed Sigmund
  1087 | D:4      | Slain by a gnoll

Vault maps used:
D:1:      dpeg_arrival_round_b, minmay_misc_feat_roman, solitary_fountain
D:2:      first_bread
D:3:      ecumenical_altar_1
D:4:      wad_pebble_path, tgw_trog, elyvilon_altar_5, temple_statues
D:5:      tso_oasis_becter, serial_shops,
          nicolae_shop_temple_entry_statues_fountains, minivault_25,
          uniq_sigmund

Action                   || total
-------------------------++-------
Melee: Mace              ||    59
 Cast: Infusion          ||    14
  Use: Potion            ||     1
  Eat: Bread ration      ||     1
